 Dungeon Crawl Stone Soup version 0.28-a0-514-g0d7ab7f379 (webtiles) character file.

Game seed: 13825963051699502042

17531 robertstho the Thaumaturge (level 12, -9/85 HPs)
             Began as a Djinni Fire Elementalist on Sept 22, 2021.
             Was the Champion of Elyvilon.
             Mangled by an eight-headed hydra (13 damage)
             ... on level 1 of the Lair of Beasts.
             The game lasted 00:23:44 (11375 turns).

robertstho the Thaumaturge (DjFE)                  Turns: 11375, Time: 00:23:44

Health: -9/85      AC:  5    Str: 13    XL:     12   Next: 83%
Gold:   505        EV: 14    Int: 20    God:    Elyvilon [******] SH:  0 Dex: 13

rFire   + + .      SeeInvis .   R - +1 scimitar (flame)
rCold   x . .      Faith    .   (no shield)
rNeg    + . .      Spirit   .   G - +2 robe of Impermeability {rElec rN+ Dex-3}
rPois   ∞          Reflect  .   a - +0 helmet
rElec   +          Harm     .   Q - scarf {+Inv}
rCorr   .          Rampage  .   (no gloves)
Will    +....                   (boots unavailable)
Stlth   +++.......              c - amulet of regeneration
HPRegen 1.24/turn               e - +6 ring of strength
MPRegen 0.00/turn               (no ring)

@: flying
A: sickness immunity, fire resistance 2, cold vulnerability 1, float, innate
caster, hp casting, extra vitality 1
a: Renounce Religion, Evoke Invisibility, Lesser Healing, Heal Other,
Purification, Greater Healing, Divine Vigour, Divine Protection


You were on level 1 of the Lair of Beasts.
You worshipped Elyvilon.
Elyvilon was exalted by your worship.
You visited 2 branches of the dungeon, and saw 13 of its levels.
You also visited: Ossuary.

You collected 816 gold pieces.
You spent 311 gold pieces at shops.

Inventory:

Hand Weapons
 b - a +2 antimagic hand axe
 x - a +2 spear of venom
 R - a +1 scimitar of flaming (weapon)
Armour
 a - a +0 helmet (worn)
 G - the +2 robe of Impermeability (worn) {rElec rN+ Dex-3}
   (You bought it in a shop on level 5 of the Dungeon)

   Dex:       It affects your dexterity (-3).
   rElec:     It insulates you from electricity.
   rN:        It protects you from negative energy.
 O - a +0 troll leather armour
 Q - a scarf of invisibility (worn)
Jewellery
 c - an amulet of regeneration (around neck)
 e - a +6 ring of strength (left hand)
 p - an amulet of the acrobat
 L - a ring of ice
 M - an amulet of reflection
Wands
 j - a wand of digging (4)
 s - a wand of mindburst (10)
 v - a wand of paralysis (13)
 w - a wand of iceblast (22)
 J - a wand of flame (73)
 P - a wand of charming (6)
Scrolls
 g - a scroll of brand weapon
 i - 2 scrolls of enchant armour
 l - 6 scrolls of fog
 m - 4 scrolls of immolation
 n - 4 scrolls of fear
 o - 3 scrolls of acquirement {unknown}
 q - 4 scrolls of blinking {unknown}
 y - 2 scrolls of summoning {unknown}
 A - 4 scrolls of enchant weapon
 F - a scroll of vulnerability
 I - 5 scrolls of teleportation {unknown}
 K - a scroll of amnesia {unknown}
 N - 2 scrolls of magic mapping {unknown}
 S - a scroll of identify
Potions
 d - 2 potions of might
 f - 3 potions of brilliance
 h - 3 potions of heal wounds
 k - 3 potions of berserk rage {unknown}
 r - 2 potions of mutation {unknown}
 t - 6 potions of curing {unknown}
 u - a potion of ambrosia {unknown}
 z - 2 potions of magic {unknown}
 B - 2 potions of attraction {unknown}
 C - a potion of experience {unknown}
 D - a potion of invisibility {unknown}
 E - 3 potions of lignification
 H - 2 potions of flight


   Skills:
 * Level 7.2 Fighting
 + Level 0.1(1.3) Axes
 + Level 2.3 Polearms
 + Level 5.7 Dodging
 + Level 4.2 Stealth
 * Level 12.6 Spellcasting
 * Level 6.6 Invocations


You had 9 spell levels left.
You knew the following spells:

 Your Spells              Type           Power      Damage    Failure   Level
a - Foxfire               Conj/Fire      100%       2x1d9     1%          1
b - Scorch                Fire           100%       2d10      1%          2
c - Conjure Flame         Conj/Fire      59%        6-21      1%          3
d - Inner Flame           Hex/Fire       59%        N/A       1%          3
e - Flame Wave            Conj/Fire      59%        3d11      1%          4
f - Summon Small Mammal   Summ           100%       N/A       1%          1
g - Passwall              Tmut/Erth      49%        N/A       1%          2
h - Static Discharge      Conj/Air       59%        N/A       1%          2
i - Ice Form              Ice/Tmut       59%        N/A       1%          4
j - Yara's Violent Unrav  Hex/Tmut       29%        3d12      1%          5
Your spell library was empty.

Dungeon Overview and Level Annotations

Branches:
Dungeon (11/15)            Temple (0/1) D:6            Lair (2/6) D:9
    Orc (0/2) D:9         Ossuary (visited)
  Swamp: Lair:2-4    Shoals: Lair:2-4     Snake: Lair:2-4    Spider: Lair:2-4

Altars:
Ashenzari
Elyvilon
Hepliaklqana
Makhleb
Okawaru
Ru
Trog
Xom
Zin
The Shining One

Shops:
D:4 [   D:5 =**[*

Portals:
Trove: D:11 (give 2 scrolls of acquirement)

Annotations:
D:4 952 crown


Innate Abilities, Weirdness & Mutations

You are immune to sickness and miasma.
You are immune to poison.
Your flesh is very heat resistant. (rF++)
You are vulnerable to cold. (rC-)
You float through the air rather than walking.
You learn spells naturally, not from books.
Your magical power is your life essence.
You have superior vitality. (+4 HP)


Message History

The eight-headed hydra is moderately wounded.
A wave of flame ripples out!
The flame wave engulfs the eight-headed hydra!
The eight-headed hydra is moderately wounded.
You finish channelling waves of flame.
The eight-headed hydra bites you! x2
The eight-headed hydra bites you but does no damage.
The eight-headed hydra barely misses you.
The eight-headed hydra bites you!
The eight-headed hydra barely misses you.
The eight-headed hydra bites you!
The eight-headed hydra bites you but does no damage.
Casting: Flame Wave (safe; 1% risk of failure)
Confirm with . or Enter, or press ? or * to list all spells.
Casting: Flame Wave (safe; 1% risk of failure)
Press: ? - help, Dir - look around, f - activate A wave of flame ripples out!
The flame wave engulfs the eight-headed hydra!!
The eight-headed hydra is severely wounded. (Press . to intensify the flame waves.)
The eight-headed hydra closely misses you.
The eight-headed hydra barely misses you.
The eight-headed hydra closely misses you.
The eight-headed hydra bites you.
* * * LOW HITPOINT WARNING * * *
The eight-headed hydra bites you!
* * * LOW HITPOINT WARNING * * *
The eight-headed hydra bites you but does no damage.
The eight-headed hydra bites you.
* * * LOW HITPOINT WARNING * * *
The eight-headed hydra bites you! Elyvilon protects you from harm!
A wave of flame ripples out!
The flame wave engulfs the eight-headed hydra!
The eight-headed hydra is almost dead.
* * * LOW HITPOINT WARNING * * *
The eight-headed hydra barely misses you.
The eight-headed hydra bites you.
* * * LOW HITPOINT WARNING * * *
The eight-headed hydra bites you!
You die...

........#..........#....
#######....#...⌠......+.
#....#..........#.
#.......⌠.⌠.......
#.#............###
##..............#..
#...##.##...#..#...
##..# ..##.. #... #@.#
#...(. ##... ......$D†#
#..... #.... .........#
##+##.##.#. ..........
........ ...........
........ ............
.......< .............
........ #.#####.#.#.##
#.###### #


You could see an eight-headed hydra.

Vanquished Creatures
  3 hydras
  Erica (Lair:2)
  A two-headed ogre (D:11)
  A cyclops (D:11)
  3 cane toads
  A komodo dragon (Lair:2)
  A hornet (D:11)
  Grinder (D:5)
  A troll (D:9)
  A polar bear (Lair:2)
  A shadow (D:5)
  37 yaks
  2 wyverns
  A basilisk (Lair:1)
  A steam dragon (D:10)
  Edmund (D:4)
  An acid dragon (D:11)
  Duvessa (D:4)
  3 water moccasins
  4 orc warriors
  An ice beast (D:8)
  2 ogres
  10 wolves
  5 centaurs
  2 phantoms (D:5)
  2 kobold brigands (D:9)
  7 bullfrogs
  A scorpion (D:6)
  A wyvern skeleton (D:6)
  14 wights
  Dowan (D:4)
  A jelly (D:5)
  5 killer bees (D:8)
  A howler monkey (D:10)
  5 electric eels (D:9)
  7 centaur zombies
  10 hounds
  4 orc priests
  A human zombie (Ossuary)
  2 gnoll shamans
  2 centaur skeletons
  A bullfrog skeleton (D:6)
  5 iguanas
  5 orc wizards
  A scorpion zombie (D:5)
  3 killer bee zombies
  A hound skeleton (D:5)
  5 mummies (Ossuary)
  Robin (D:2)
  9 gnolls
  6 adders
  A howler monkey skeleton (D:7)
  A shadow imp (D:5)
  An ufetubus (D:4)
  A worm (D:2)
  2 dart slugs
  29 orcs
  4 bats (D:1)
  7 endoplasms
  7 giant cockroaches
  17 goblins
  3 hobgoblins
  14 jackals
  14 kobolds
  A quokka (D:1)
  8 ball pythons
  5 frilled lizards
  A goblin zombie (Ossuary)
  3 orc zombies (Ossuary)
  4 rats
310 creatures vanquished.

Vanquished Creatures (collateral kills)
  4 foxfires (D:9)
4 creatures vanquished.

Vanquished Creatures (others)
  843 foxfires
  6 fungi
  14 plants
863 creatures vanquished.

Grand Total: 1177 creatures vanquished

Notes
Turn   | Place    | Note
-------+----------+-------------------------------------------
     0 | D:1      | robertstho the Djinni Fire Elementalist began the quest for
                  | the Orb.
     0 | D:1      | Reached XP level 1. HP: 15/15 MP: 0/0
   255 | D:1      | Reached XP level 2. HP: 5/21 MP: 0/0
   787 | D:1      | Reached skill level 3 in Spellcasting
   926 | D:1      | Reached XP level 3. HP: 18/25 MP: 0/0
   926 | D:1      | Learned a level 1 spell: Summon Small Mammal
  1707 | D:2      | Found a faded altar of an unknown god.
  1728 | D:2      | Became a worshipper of Elyvilon the Healer
  1728 | D:2      | Reached * piety under Elyvilon
  1955 | D:2      | Reached XP level 4. HP: 26/31 MP: 0/0
  1956 | D:2      | Noticed Robin
  1964 | D:2      | Killed Robin
  2423 | D:2      | Reached ** piety under Elyvilon
  2512 | D:2      | Reached skill level 1 in Fighting
  2512 | D:2      | Reached XP level 5. HP: 35/37 MP: 0/0
  2512 | D:2      | Learned a level 2 spell: Passwall
  3031 | D:2      | Reached skill level 4 in Spellcasting
  3593 | D:3      | Reached *** piety under Elyvilon
  4086 | D:3      | Found a bloodstained altar of Trog.
  4416 | D:4      | Found Ruiqo's Antique Armour Shoppe.
  4531 | D:4      | Noticed Duvessa
  4531 | D:4      | Noticed Dowan
  4538 | D:4      | Killed Dowan
  4539 | D:4      | Reached XP level 6. HP: 34/42 MP: 0/0
  4539 | D:4      | Killed Duvessa
  4697 | D:4      | Noticed Edmund
  4704 | D:4      | Killed Edmund
  4705 | D:4      | Reached skill level 5 in Spellcasting
  4705 | D:4      | Reached XP level 7. HP: 27/49 MP: 0/0
  4705 | D:4      | Learned a level 2 spell: Static Discharge
  5151 | D:5      | Entered Level 5 of the Dungeon
  5222 | D:5      | Found a sand-covered staircase.
  5269 | Ossuary  | Entered an ossuary
  5397 | Ossuary  | Reached skill level 1 in Invocations
  5535 | D:5      | Found a burning altar of Makhleb.
  5564 | D:5      | Reached **** piety under Elyvilon
  5594 | D:5      | Reached XP level 8. HP: 53/55 MP: 0/0
  5598 | D:5      | Reached skill level 6 in Spellcasting
  5619 | D:5      | Found Heuv's Jewellery Boutique.
  5846 | D:5      | Noticed Grinder
  5851 | D:5      | Paralysed by Grinder for 7 turns
  5860 | D:5      | Killed Grinder
  5861 | D:5      | Reached skill level 7 in Spellcasting
  6011 | D:5      | Found Qoefug's Assorted Antiques.
  6043 | D:5      | Reached XP level 9. HP: 43/61 MP: 0/0
  6043 | D:5      | Learned a level 4 spell: Ice Form
  6070 | D:5      | Found Fuis's Antique Armour Boutique.
  6083 | D:5      | Bought a tattered robe for 176 gold pieces
  6083 | D:5      | Identified the +2 robe of Impermeability {rElec rN+ Dex-3}
                  | (You bought it in a shop on level 5 of the Dungeon)
  6135 | D:5      | Found Fueve's Assorted Antiques.
  6154 | D:5      | Bought a scroll labelled PIGGYTTI VUCSUGEI for 27 gold
                  | pieces
  6154 | D:5      | Bought a scroll of identify for 54 gold pieces
  6154 | D:5      | Bought a scroll of identify for 54 gold pieces
  6387 | D:5      | Found Onlemoi's General Store.
  6610 | D:6      | Found a staircase to the Ecumenical Temple.
  6892 | D:6      | Reached skill level 1 in Polearms
  7259 | D:6      | Reached skill level 8 in Spellcasting
  7372 | D:7      | Reached ***** piety under Elyvilon
  7778 | D:7      | Reached XP level 10. HP: 61/68 MP: 0/0
  8018 | D:8      | Reached skill level 9 in Spellcasting
  8236 | D:8      | Found a shimmering altar of Xom.
  8506 | D:9      | Reached skill level 5 in Fighting
  8512 | D:9      | Found a staircase to the Orcish Mines.
  8665 | D:9      | Reached skill level 10 in Spellcasting
  8685 | D:9      | Found a staircase to the Lair.
  8719 | D:8      | Reached skill level 5 in Invocations
  8719 | D:8      | Reached XP level 11. HP: 52/76 MP: 0/0
  8719 | D:8      | Learned a level 5 spell: Yara's Violent Unravelling
  8794 | D:8      | Found a glowing silver altar of Zin.
  9117 | D:9      | Found a broken altar of Ashenzari.
  9120 | D:9      | Found a hazy altar of Hepliaklqana.
  9123 | D:9      | Found an iron altar of Okawaru.
  9126 | D:9      | Found a sacrificial altar of Ru.
  9383 | D:10     | Entered Level 10 of the Dungeon
  9694 | D:10     | Reached ****** piety under Elyvilon
 10184 | D:10     | Found a glowing golden altar of the Shining One.
 10299 | D:11     | Noticed a seven-headed hydra
 10306 | D:11     | Killed a seven-headed hydra
 10307 | D:11     | Reached skill level 11 in Spellcasting
 10353 | D:11     | Noticed a two-headed ogre
 10362 | D:11     | Killed a two-headed ogre
 10422 | D:11     | Noticed an eight-headed hydra
 10430 | D:11     | Killed an eight-headed hydra
 10431 | D:11     | Reached skill level 5 in Dodging
 10455 | D:11     | Noticed a cyclops
 10465 | D:11     | Killed a cyclops
 10470 | D:11     | Found a portal to a secret trove of treasure.
 10501 | D:11     | Noticed a death knight
 10502 | D:11     | Noticed a phantasmal warrior
 10505 | D:11     | Reached XP level 12. HP: 68/83 MP: 0/0
 10568 | Lair:1   | Entered Level 1 of the Lair of Beasts
 10601 | Lair:1   | You are sucked into a shaft and drop 1 floor!
 10628 | Lair:2   | Noticed Erica
 10633 | Lair:2   | Reached skill level 12 in Spellcasting
 10636 | Lair:2   | Killed Erica
 11017 | Lair:1   | Noticed a six-headed hydra
 11026 | Lair:1   | Killed a six-headed hydra
 11369 | Lair:1   | Noticed an eight-headed hydra
 11374 | Lair:1   | Elyvilon protects you from harm!
 11375 | Lair:1   | HP: 4/85 [eight-headed hydra (6)]
 11375 | Lair:1   | Mangled by an eight-headed hydra

Illustrated notes

Levels and vault maps discovered:
D:1:      minmay_arrival_five_plusses, layout_loops_ring, hangedman_glass_teeth,
          nrook_mini_backslash
D:2:      layout_basic, serial_rivers, chequers_serial_rivers_large_b,
          chequers_serial_rivers_micro_e, chequers_serial_rivers_small_b,
          chequers_serial_rivers_small_a, chequers_serial_rivers_room_b,
          hellmonk_ecumenical_altar_pennies_from_heaven, uniq_robin
D:3:      layout_basic, bloody_trog, serial_glass, glass_columns_a,
          glass_columns_b, hex_intersection
D:4:      layout_basic, serial_shops, nicolae_shop_stone, uniq_edmund,
          uniq_duvessa
D:5:      layout_loops_corners, amcnicky_altar_gilded,
          lightli_ossuary_entry_decrepit_ruins, serial_shops,
          nicolae_shop_stone, nicolae_shop_trees, shop_fountains,
          nicolae_shop_stone, shop, kennysheep_potato, uniq_grinder
D:6:      layout_loops_corners, minmay_temple_entry_gardened_gates
D:7:      layout_basic
D:8:      layout_basic, zin_academy, overflow_temple_1_default
D:9:      layout_roguey, mainiacjoe_overflow_alcove_3, erik_lair_island,
          orc_david_3, serial_bayou, serial_bayou_pond_a, serial_bayou_pond_a,
          serial_bayou_ford_a
D:10:     layout_loops_corners, nicolae_tso_carved_into_rock, minivault_25
D:11:     layout_cave_pools, enter_trove_2
Lair:1:   layout_chaotic_city, chequers_serial_rivers_room_a, grunt_megastairs_2
Lair:2:   layout_gridlike, elwin_shoals_entry_rocks, grunt_forest_stairs_basic,
          serial_bayou_pond_e, lemuel_fruit_fields, uniq_erica

Skill      XL: |  1  2  3  4  5  6  7  8  9 10 11 12 |
---------------+-------------------------------------+-----
Spellcasting   | 3 4 5 7 8 10 11 12 | 12.6
Fighting       | 1 2 3 4 5 6 7 |  7.2
Stealth        | 2 3 4 |  4.2
Invocations    | 1 2 3 5 6 |  6.6
Dodging        | 3 4 5 |  5.7
Polearms       | 1 2 |  2.3
Axes           | |  0.1

Action                   |  1- 3 |  4- 6 |  7- 9 | 10-12 || total
-------------------------+-------+-------+-------+-------++-------
Melee: Hand axe          |     3 |       |     7 |       ||    10
       Spear             |       |       |    47 |    23 ||    70
 Cast: Foxfire           |    95 |    95 |   131 |   181 ||   502
       Scorch            |       |     5 |    78 |    14 ||    97
       Flame Wave        |       |     2 |    10 |    61 ||    73
Invok: Greater Healing   |       |       |       |     1 ||     1
  Use: Scroll            |       |     5 |     3 |     4 ||    12
 Stab: Sleeping          |       |       |     3 |       ||     3
       Distracted        |       |       |       |     1 ||     1
Armor: Robe              |    12 |     1 |     8 |    45 ||    66
       Animal skin       |       |     1 |    20 |       ||    21
Dodge: Dodged            |    29 |     7 |    79 |    96 ||   211

Table legend: (Time is in decaauts)
 A = Elapsed time spent in this place.
 B = Non-inter-level travel time spent in this place.
 C = Inter-level travel time spent in this place.
 D = Time resting spent in this place.
 E = Time spent auto-exploring this place.
 F = Levels seen in this place.
 G = Mean time per level.
                   A        B        C        D        E       F      G
               +--------+--------+--------+--------+--------+-----+--------+
         Total |  11381 |  10964 |    417 |     54 |   9106 |  14 |  812.9 |
       Dungeon |  10338 |   9922 |    416 |     54 |   8360 |  11 |  939.8 |
          Lair |    807 |    807 |      0 |      0 |    601 |   2 |  403.5 |
       Ossuary |    235 |    235 |      0 |      0 |    145 |   1 |  235.0 |
               +--------+--------+--------+--------+--------+-----+--------+

Top non-repeatable levels by time:
     D:2: 1836 daAuts
     D:1: 1707 daAuts
     D:5: 1140 daAuts
    D:10: 942 daAuts
     D:3: 872 daAuts
     D:6: 785 daAuts
     D:9: 761 daAuts
     D:4: 736 daAuts
     D:7: 691 daAuts
     D:8: 640 daAuts
  Lair:1: 413 daAuts
  Lair:2: 394 daAuts
 Ossuary: 235 daAuts
    D:11: 223 daAuts
